 Dungeon Crawl Stone Soup version 0.30-b1-2-g02819fbbbe (webtiles) character file.

Game seed: 6412005215475520155

1095 qborf the Vexing (level 8, -3/59 HPs)
             Began as a Formicid Enchanter on May 14, 2023.
             Slain by a yak (17 damage)
             ... on level 4 of the Dungeon.
             The game lasted 00:09:41 (5436 turns).

qborf the Vexing (Formicid Enchanter)               Turns: 5436, Time: 00:09:42

Health: -3/59      AC:  2    Str: 13    XL:     8   Next: 57%
Magic:  9/14       EV: 12    Int: 17    God:
Gold:   302        SH:  0    Dex: 14    Spells: 7/15 levels left

rFire   . . .        a - +2 dagger (venom)
rCold   . . .        (no shield)
rNeg    . . .        b - +0 robe
rPois   .            (helmet unavailable)
rElec   .            (no cloak)
rCorr   .            (no gloves)
SInv    +            (no boots)
Will    +....        (no amulet)
Stlth   +++          t - ring of willpower
HPRegen 0.29/turn    (no ring)
MPRegen 0.14/turn

%: no passive effects
@: no status effects
A: permanent stasis, dig shafts and tunnels, antennae 3, four strong arms
a: Dig, Shaft Self


You were on level 4 of the Dungeon.
You visited 1 branch of the dungeon, and saw 5 of its levels.

You collected 302 gold pieces.

Inventory:

Hand Weapons
 a - a +2 dagger of venom (weapon)
Missiles
 o - a throwing net
 q - 5 javelins (quivered)
Armour
 b - a +0 robe (worn)
Jewellery
 t - a ring of willpower (left hand)
Scrolls
 e - a scroll of enchant armour
 g - 2 scrolls of vulnerability
 h - a scroll of poison
 l - a scroll of amnesia {unknown}
 n - 2 scrolls of teleportation {unknown}
 s - a scroll of magic mapping {unknown}
Potions
 c - a potion of invisibility
 i - a potion of mutation {unknown}
 j - 2 potions of flight {unknown}
 k - 2 potions of brilliance {unknown}
 m - 4 potions of curing {unknown}
 p - a potion of haste {unknown}
 r - a potion of heal wounds {unknown}


   Skills:
 + Level 3.6 Fighting
 + Level 3.6 Short Blades
 - Level 1.7 Dodging
 + Level 5.9 Stealth
 + Level 4.1 Spellcasting
 * Level 7.2 Hexes
 - Level 3.0 Ice Magic


You had 7 spell levels left.
You knew the following spells:

 Your Spells              Type           Power      Damage    Failure   Level
a - Ensorcelled Hibernat  Hex/Ice        40%        N/A       3%          2
b - Confusing Touch       Hex            28%        N/A       2%          3
c - Tukima's Dance        Hex            28%        N/A       2%          3

Your spell library contained the following spells:

 Spells                   Type           Power      Damage    Failure   Level
 Dazzling Flash           Conj/Hex       30%        N/A       11%         3
 Inner Flame              Hex/Fire       15%        N/A       11%         3
 Yara's Violent Unravell  Hex/Tmut       7%         3d5       69%         5
 Olgreb's Toxic Radiance  Pois           3%         N/A       83%         4
 Enfeeble                 Hex            14%        N/A       100%        7
 Discord                  Hex            14%        N/A       100%        8
 Ignition                 Fire           1%         3d3       100%        8


Dungeon Overview and Level Annotations

Branches:
Dungeon (5/15)
 Temple: D:4-7

Altars:


Innate Abilities, Weirdness & Mutations

You cannot be hasted, slowed, berserked, paralysed or teleported.
You can dig through walls and to a lower floor.
You have a pair of large antennae on your head. (SInv)
Your four strong arms can wield two-handed weapons with a shield.


Message History

The yak is almost dead.
The yak closely misses you.
You kill the yak!
Your Hexes skill increases to level 7!
A yak comes into view.
You see here a +0 ring mail of cold resistance.
Casting: Ensorcelled Hibernation (safe; 3% risk of failure)
Confirm with . or Enter, or press ? or * to list all spells.
Aiming: Ensorcelled Hibernation (safe; 3% risk of failure)
Press: ? - help, Shift-Dir - straight line, f - yak
Aim: a yak (chance to affect: 52%)
The yak resists with significant effort.
The yak bellows!
You hear a bellow!
Casting: Ensorcelled Hibernation (safe; 3% risk of failure)
Confirm with . or Enter, or press ? or * to list all spells.
Aiming: Ensorcelled Hibernation (safe; 3% risk of failure)
Press: ? - help, Shift-Dir - straight line, f/p - yak
Aim: a yak (chance to affect: 52%)
The yak looks drowsy...
The helpless yak fails to defend itself.
You impale the yak!!
The yak is severely wounded.
The yak gores you.
You hit the yak but do no damage.
The yak is poisoned.
The yak is severely wounded.
The yak gores you!
You barely miss the yak.
The yak is severely wounded.
The yak gores you! The yak attacks as you move away! The yak gores you!
The yak attacks as you move away! The yak gores you!
* * * LOW HITPOINT WARNING * * *
There is a stone staircase leading up here.
The yak misses you.
You climb upwards.
There is a stone staircase leading down here.
You hit the yak but do no damage.
The yak is almost dead.
The yak gores you!
You die...

#.####...#...# #.#
#####...# #.#
##...# #.# #....#
#.# ##....# ..#
####..####
.####....≈≈~#
....~~≈≈≈≈.########
..~~~≈..≈.......@.#
.≈≈~#......####..Y#
.#≈###..#####...###
.#####).# #.###
.###..[#### #.#
..........# #.#
.###..###.###.#
>##..## #.##..#
.#..#####....##


You could see a yak (poisoned).

Vanquished Creatures
  2 yaks (D:5)
  A sky beast (D:3)
  An ogre (D:5)
  A phantom (D:5)
  A scorpion (D:5)
  2 hounds
  A gnoll bouda (D:3)
  6 iguanas
  6 gnolls
  8 adders
  2 ufetubi (D:5)
  3 worms
  A dart slug (D:4)
  9 orcs
  6 ball pythons
  2 endoplasms
  2 giant cockroaches
  3 goblins
  4 hobgoblins
  8 jackals
  A kobold (D:3)
  A quokka (D:3)
  6 bats
  2 frilled lizards (D:3)
  3 rats
82 creatures vanquished.

Vanquished Creatures (collateral kills)
  3 gnolls
  An orc (D:4)
4 creatures vanquished.

Grand Total: 86 creatures vanquished

Notes
Turn   | Place    | Note
-------+----------+-------------------------------------------
     0 | D:1      | qborf the Formicid Enchanter began the quest for the Orb.
     0 | D:1      | Reached XP level 1. HP: 13/13 MP: 3/3
   402 | D:1      | Reached XP level 2. HP: 15/19 MP: 5/5
   481 | D:1      | Learned a level 2 spell: Ensorcelled Hibernation
   953 | D:2      | Reached skill level 4 in Hexes
   953 | D:2      | Reached skill level 1 in Ice Magic
  1022 | D:2      | Reached XP level 3. HP: 25/25 MP: 6/6
  1165 | D:2      | Learned a level 3 spell: Confusing Touch
  1351 | D:2      | Reached skill level 1 in Fighting
  1351 | D:2      | Reached XP level 4. HP: 32/32 MP: 7/7
  1371 | D:2      | Learned a level 3 spell: Tukima's Dance
  1646 | D:2      | Found a faded altar of an unknown god.
  2173 | D:3      | Noticed a sky beast
  2186 | D:3      | Killed a sky beast
  2187 | D:3      | Reached XP level 5. HP: 10/37 MP: 2/9
  2460 | D:3      | Reached XP level 6. HP: 44/44 MP: 6/10
  2930 | D:4      | Reached skill level 5 in Hexes
  3738 | D:4      | Reached XP level 7. HP: 50/50 MP: 6/11
  4273 | D:5      | Entered Level 5 of the Dungeon
  4289 | D:5      | Noticed a yak
  4305 | D:5      | Reached skill level 5 in Stealth
  4796 | D:5      | Reached skill level 6 in Hexes
  5025 | D:5      | Reached XP level 8. HP: 45/58 MP: 10/13
  5297 | D:5      | Noticed a yak
  5297 | D:5      | Noticed a yak
  5318 | D:5      | Killed a yak
  5351 | D:5      | Noticed a yak
  5401 | D:5      | Killed a yak
  5402 | D:5      | Reached skill level 7 in Hexes
  5408 | D:5      | Noticed a yak
  5436 | D:4      | Slain by a yak

Illustrated notes

Levels and vault maps discovered:
D:1:      dpeg_arrival_three_same_balls, layout_basic
D:2:      layout_loops_cross, ebering_ecumenical_altar_abandoned,
          kennysheep_nub, chequers_serial_rivers_small_3
D:3:      layout_rooms, kennysheep_crisscross
D:4:      layout_rooms, serial_rivers, chequers_serial_rivers_large_b,
          chequers_serial_rivers_marsh, chequers_serial_rivers_small_a,
          chequers_serial_rivers_micro_b, kennysheep_potato
D:5:      layout_basic

Skill      XL: |  1  2  3  4  5  6  7  8 |
---------------+-------------------------+-----
Hexes          | 4 5 6 7 |  7.2
Ice Magic      | 1 2 3 |  3.0
Fighting       | 1 2 3 |  3.6
Stealth        | 4 5 |  5.9
Short Blades   | 2 3 |  3.6
Spellcasting   | 3 4 |  4.1
Dodging        | |  1.7

Action                     |  1- 3 |  4- 6 |  7- 9 || total
---------------------------+-------+-------+-------++-------
  Melee: Dagger            |    86 |    82 |    68 ||   236
         Punch             |       |     1 |     1 ||     2
  Throw: Javelin           |       |       |     1 ||     1
   Cast: Ensorcelled Hiber |     6 |    34 |    25 ||    65
         Tukima's Dance    |       |    13 |     3 ||    16
         Confusing Touch   |       |     1 |     5 ||     6
Ability: Dig               |     1 |       |       ||     1
    Use: Potion            |       |     1 |       ||     1
         Scroll            |       |       |     4 ||     4
   Stab: Sleeping          |    12 |    29 |    19 ||    60
         Invisible         |       |     2 |       ||     2
         Confused          |       |     2 |     2 ||     4
 Armour: Robe              |    13 |    18 |     3 ||    34
  Dodge: Dodged            |    51 |    47 |    37 ||   135
